Map: 札格納特 - 天梯版

Players

Yoger - Winner!

  • Race: Zerg Zerg
  • League: Master

Mysteryman

  • Race: Zerg Zerg

Event: DreamHack SC2 Masters 2021 Summer

VOD

Have the link to the VOD?

Description

Time

  • Played on: May 20, 2021, 7:36 a.m.
  • Length: 12:40

All games in this series

Show
View Real Time Build Order
Export as new Build Order

Yoger Zerg - Winner!

Build Orders: Pool First 

Get SALT Encoding   

  12  0:00  Drone  
  13  0:12  Overlord  
  13  0:17  Drone  
  14  0:31  Drone x2  
  16  0:44  Drone, Spawning Pool  
  16  0:48  Drone  
  17  1:09  Hatchery  
  16  1:13  Drone  
  16  1:16  Extractor  
  16  1:30  Zergling x6  
  19  1:34  Queen  
  21  1:43  Overlord  
  21  1:52  Drone  
  22  2:03  Drone  
  23  2:09  Queen  
  23  2:14  Drone  
  26  2:21  Drone  
  27  2:27  Drone  
  28  2:34  Drone  
  28  2:36  Drone  
  30  2:45  Drone x3  
  33  2:56  Hatchery  
  31  3:04  Drone  
  32  3:07  Evolution Chamber, Overlord  
  32  3:10  Drone  
  32  3:13  Drone  
  32  3:17  Drone x2  
  35  3:21  Roach Warren  
  35  3:24  Drone  
  36  3:27  Drone x2  
  36  3:29  Drone  
  39  3:34  Drone x2  
  39  3:37  Drone  
  39  3:41  Zerg Missile Weapons Level 1  
  41  3:48  Lair  
  41  3:52  Drone x2  
  41  3:54  Extractor  
  42  3:55  Extractor  
  42  3:56  Drone x2  
  42  3:59  Overlord  
  43  4:03  Overlord  
  43  4:06  Drone  
  44  4:11  Drone  
  44  4:12  Drone x2  
  44  4:16  Overlord  
  46  4:20  Queen  
  46  4:21  Drone  
  46  4:22  Drone  
  50  4:26  Drone x2  
  50  4:29  Drone  
  50  4:30  Drone  
  54  4:34  Drone x2  
  54  4:36  Drone  
  54  4:37  Drone  
  58  4:39  Extractor  
  58  4:41  Overlord  
  58  4:45  Roach  
  59  4:47  Glial Reconstitution  
  59  4:50  Roach  
  61  4:53  Overlord  
  61  4:55  Roach  
  63  5:02  Drone x6  
  69  5:08  Overseer  
  69  5:09  Evolution Chamber  
  69  5:10  Overlord  
  69  5:12  Overlord  
  68  5:17  Overlord  
  68  5:18  Extractor, Drone  
  68  5:19  Drone  
  69  5:21  Drone  
  69  5:22  Drone  
  69  5:23  Drone  
  72  5:31  Drone x2  
  72  5:32  Roach x3  
  72  5:35  Zerg Missile Weapons Level 2  
  80  5:43  Roach x2  
  80  5:48  Roach x3  
  90  5:55  Overlord  
  90  5:56  Overlord  
  90  5:58  Roach x2  
  90  6:01  Roach x2  
  97  6:06  Overlord  
  97  6:07  Overlord  
  97  6:09  Overlord  
  97  6:15  Roach x4  
  105  6:20  Roach x3  
  105  6:22  Zerg Ground Armor Level 1  
  113  6:25  Roach  
  113  6:26  Roach  
  113  6:28  Roach x3  
  113  6:32  Ravager x4  
  125  6:33  Overlord  
  125  6:36  Overlord  
  125  6:37  Overlord  
  125  6:39  Roach  
  127  6:42  Roach  
  127  6:43  Roach  
  131  6:49  Roach x3  
  131  6:54  Roach x4  
  141  7:00  Overlord  
  145  7:02  Roach x3  
  145  7:03  Ravager  
  145  7:04  Ravager  
  145  7:06  Overlord  
  153  7:20  Roach  
  153  7:22  Roach x3  
  161  7:25  Roach x2  
  161  7:26  Overlord, Roach x2  
  161  7:28  Ravager  
  161  7:29  Overlord  
  170  7:30  Overlord  
  168  7:45  Roach x2  
  168  7:46  Roach x3  
  168  7:48  Overlord x2  
  178  7:55  Roach  
  178  7:56  Roach x6  
  178  7:58  Tunneling Claws, Burrow  
  192  8:04  Roach  
  190  8:21  Roach x5  
  200  8:29  Extractor  
  200  8:31  Drone, Hatchery  
  200  8:33  Overseer  
  170  8:56  Roach x9  
  170  8:57  Roach x2  
  153  9:04  Roach  
  153  9:05  Roach x10  
  142  9:12  Roach  
  146  9:17  Roach x2  
  148  9:26  Roach  
  148  9:27  Roach x2  
  148  9:30  Ravager  
  156  9:31  Ravager  
  156  9:32  Ravager  
  156  9:33  Ravager x3  
  156  9:34  Roach  
  156  9:35  Roach  
  156  9:37  Roach  
  166  9:39  Roach  
  166  9:40  Roach x4  
  166  9:45  Roach x3  
  184  9:50  Roach x2  
  188  9:53  Roach x9  
  188  9:54  Queen x2  
  188  9:58  Queen  
  188  10:01  Roach  
  188  10:02  Roach x3  
  179  10:10  Roach x7  
  165  10:14  Roach  
  165  10:19  Ravager  
  165  10:20  Ravager  
  165  10:24  Roach x5  
  165  10:26  Roach x2  
  165  10:28  Hatchery  
  166  10:30  Roach  
  166  10:31  Roach  
  164  10:44  Roach x3  
  164  10:49  Roach x3  
  166  10:57  Roach  
  166  10:58  Roach  
  167  11:08  Roach x3  
  167  11:09  Roach x4  
  167  11:10  Roach x3  
  177  11:15  Ravager  
  177  11:16  Ravager  
  179  11:19  Hydralisk Den  
  179  11:21  Roach x4  
  179  11:23  Ravager  
  184  11:27  Spore Crawler  
  184  11:31  Roach x2  
  177  11:35  Roach x3  
  167  11:43  Roach x10  
  153  11:52  Roach x4  
  143  11:56  Roach x3  
  143  12:00  Roach  
  143  12:01  Roach  
  133  12:08  Roach x3  
  127  12:16  Roach x2  
Show
View Real Time Build Order
Export as new Build Order

Mysteryman Zerg 

Build Orders: Pool First 

Get SALT Encoding   

  12  0:00  Drone  
  13  0:12  Overlord  
  13  0:16  Drone  
  14  0:30  Drone x2  
  14  0:35  Drone  
  17  0:44  Spawning Pool  
  17  0:47  Drone  
  17  1:07  Hatchery  
  17  1:09  Drone  
  17  1:13  Drone  
  17  1:16  Extractor  
  17  1:18  Drone  
  18  1:30  Queen  
  18  1:31  Zergling x2  
  21  1:39  Overlord  
  21  1:49  Drone  
  22  2:00  Zergling x2  
  23  2:06  Queen  
  25  2:12  Drone  
  26  2:19  Queen  
  26  2:20  Drone  
  26  2:21  Drone  
  30  2:30  Drone  
  30  2:32  Drone  
  32  2:38  Overlord  
  32  2:39  Drone x2  
  34  2:44  Queen  
  36  2:57  Drone  
  36  2:58  Drone x3  
  40  3:04  Drone  
  40  3:05  Evolution Chamber  
  40  3:09  Lair  
  40  3:13  Drone x2  
  40  3:16  Drone x2  
  44  3:20  Overlord  
  44  3:27  Roach Warren  
  44  3:28  Drone  
  44  3:33  Zerg Missile Weapons Level 1  
  44  3:40  Drone x3  
  44  3:41  Drone  
  48  3:44  Overlord  
  48  3:48  Extractor  
  48  3:49  Drone, Extractor  
  48  3:54  Drone  
  48  3:55  Drone x3  
  51  4:02  Overlord  
  51  4:09  Roach x2  
  55  4:10  Glial Reconstitution  
  55  4:18  Roach x2  
  55  4:19  Overseer  
  55  4:21  Extractor  
  58  4:24  Hatchery  
  58  4:26  Drone  
  58  4:27  Drone  
  58  4:30  Drone  
  60  4:32  Drone  
  60  4:33  Drone  
  60  4:37  Evolution Chamber  
  61  4:42  Drone x3  
  64  4:51  Overlord  
  64  4:52  Overseer  
  64  4:53  Drone  
  64  4:54  Drone x2  
  67  5:05  Drone  
  67  5:06  Overlord  
  68  5:13  Zerg Ground Armor Level 1  
  68  5:14  Drone x5  
  73  5:19  Overlord  
  73  5:25  Roach  
  77  5:28  Roach  
  77  5:33  Drone  
  77  5:34  Drone  
  79  5:36  Overlord  
  79  5:37  Roach x2  
  81  5:43  Drone  
  81  5:44  Extractor  
  81  5:49  Roach x4  
  89  5:50  Zerg Missile Weapons Level 2  
  89  5:53  Pneumatized Carapace  
  89  5:54  Overlord  
  91  5:57  Roach  
  91  6:00  Drone x2  
  91  6:03  Roach x2  
  97  6:08  Overlord  
  97  6:09  Roach x2  
  101  6:15  Roach  
  101  6:16  Roach x3  
  109  6:18  Overlord  
  109  6:23  Roach x2  
  109  6:25  Overlord  
  113  6:31  Roach  
  113  6:32  Roach x2  
  119  6:34  Overlord  
  119  6:38  Overlord  
  119  6:39  Roach  
  123  6:40  Roach x2  
  123  6:42  Roach  
  127  6:47  Roach x3  
  127  6:52  Overlord  
  133  6:54  Roach  
  133  6:55  Roach  
  133  7:01  Roach x3  
  143  7:06  Roach x3  
  143  7:08  Ravager x5  
  154  7:10  Ravager x2  
  154  7:12  Overlord  
  154  7:13  Extractor, Roach  
  157  7:19  Roach x2  
  157  7:21  Overlord  
  161  7:35  Hatchery  
  160  7:37  Spire  
  157  7:46  Roach x3  
  157  7:47  Roach x4  
  171  7:52  Overlord  
  171  7:53  Overlord  
  171  8:13  Roach  
  171  8:14  Roach x9  
  191  8:26  Roach  
  193  8:33  Roach  
  164  8:57  Roach x16  
  164  8:58  Roach  
  170  9:04  Roach  
  170  9:09  Roach  
  155  9:10  Roach  
  155  9:14  Mutalisk x5  
  165  9:20  Mutalisk x2  
  165  9:23  Ravager x2  
  171  9:26  Roach x2  
  171  9:29  Ravager  
  176  9:49  Roach  
  176  9:50  Roach x10  
  194  9:58  Roach x4  
  172  10:11  Roach x2  
  172  10:12  Roach x4  
  152  10:20  Roach x4  
  154  10:23  Overseer  
  154  10:24  Overseer  
  154  10:26  Overseer  
  154  10:28  Drone x3  
  155  10:37  Roach x3  
  155  10:40  Roach  
  155  10:41  Roach  
  159  10:47  Drone x2  
  159  10:48  Drone x3  
  162  10:59  Roach  
  162  11:00  Roach x4  
  172  11:08  Ravager  
  172  11:09  Ravager  
  176  11:11  Ravager x2  
  176  11:13  Roach x3  
  176  11:14  Roach  
  184  11:25  Ravager  
  179  11:35  Roach  
  179  11:36  Roach x4  
  137  11:53  Roach x8  
  137  11:54  Roach x2  
  100  12:10  Roach  
  100  12:11  Roach x4  
  106  12:20  Roach  
  106  12:21  Roach x2  
  106  12:35  Hatchery  
Tags
 
Add a new tag
Caveats
  • Supply blocks, unpowered buildings, or Contaminate may cause inaccurate times.
  • Supply counts are checked every 10 seconds.